 Dungeon Crawl Stone Soup version 0.24-a0-408-gcc1054c7ca (webtiles) character file.

Game seed: 15736356566771058262

70350 HAL9000 the Carver (level 15, -7/75 HPs)
             Began as a Vine Stalker Assassin on June 5, 2019.
             Was a Follower of Uskayaw.
             Killed from afar by a raiju (16 damage)
             ... with a living lightning
             ... on level 2 of the Abyss.
             The game lasted 01:00:06 (20687 turns).

HAL9000 the Carver (Vine Stalker Assassin)         Turns: 20687, Time: 01:00:06

Health: -7/75      AC: 25    Str: 18    XL:     15   Next: 33%
Magic:  0/32       EV:  6    Int: 12    God:    Uskayaw [*.....]
Gold:   1340       SH:  6    Dex: 21    Spells: 14/14 levels left

rFire    . . .     SeeInvis .   b - +4 rapier (drain)
rCold    . . .     Gourm    .   g - +0 buckler
rNeg     + . .     Faith    .   s - +7 plate armour of the Cockatrice {Dex+4}
rPois    .         Spirit   +   v - +0 helmet
rElec    .         Reflect  .   V - scarf {repulsion}
rCorr    .         Harm     .   (no gloves)
MR       +....                  t - +2 pair of boots "Neyge" {Regen+}
Stlth    ..........             W - amulet of the acrobat
HPRegen  1.42/turn              A - ring of magical power
MPRegen  0.23/turn              E - ring of positive energy

@: about to teleport, repel missiles
A: fangs 3, regeneration 2, magic shield, antimagic bite, no potion heal 3, rot
immunity
a: Stomp, Renounce Religion


You were on level 2 of the Abyss.
You worshipped Uskayaw.
Uskayaw was aware of your devotion.
You were not hungry.

You visited 4 branches of the dungeon, and saw 22 of its levels.
You visited the Abyss 1 time.
You also visited: Sewer.

You collected 1691 gold pieces.
You spent 351 gold pieces at shops.

Inventory:

Hand Weapons
 b - a +4 rapier of draining (weapon)
 u - a +2 vampiric short sword
Missiles
 d - 81 poisoned darts
 e - 5 curare-tipped darts (quivered)
 o - 5 silver boomerangs
 M - 9 boomerangs
Armour
 g - a +0 buckler (worn)
 s - the +7 plate armour of the Cockatrice (worn) {Dex+4}
   (You found it on level 2 of the Dungeon)

   It affects your dexterity (+4).
 t - the +2 pair of boots "Neyge" (worn) {Regen+}
   (You bought it in a shop on level 2 of the Orcish Mines)

   It increases your rate of regeneration.
 v - a +0 helmet (worn)
 N - the +4 plate armour of Liurr {rF+ MR+}
   (You found it on level 11 of the Dungeon)

   It protects you from fire.
   It affects your resistance to hostile enchantments.
 V - a scarf of repulsion (worn)
Jewellery
 k - an uncursed ring of see invisible
 x - an uncursed ring of resist corrosion
 A - a ring of magical power (left hand)
 E - a ring of positive energy (right hand)
 W - an amulet of the acrobat (around neck)
Wands
 z - a wand of flame (28)
 D - a wand of digging (8)
 L - a wand of random effects (19)
 P - a wand of paralysis (9)
 X - a wand of disintegration (19)
Scrolls
 a - a scroll of identify
 c - a scroll of fear
 i - 9 scrolls of remove curse
 n - 2 scrolls of teleportation
 p - 2 scrolls of magic mapping
 y - 5 scrolls of blinking
 J - a scroll of fog
 U - a scroll of immolation {unknown}
Potions
 h - a potion of brilliance
 j - 7 potions of curing
 l - a potion of magic
 m - 2 potions of mutation
 q - 3 potions of might
 B - 5 potions of flight
 F - 2 potions of ambrosia
 G - 2 potions of cancellation
 I - a potion of berserk rage
 O - 3 potions of resistance
 S - a potion of agility
Miscellaneous
 r - a phial of floods
Comestibles
 f - 48 rations
 w - a chunk of flesh


   Skills:
 - Level 7.1 Fighting
 - Level 10.0(12.6) Short Blades
   Level 12.7(14.0) Long Blades
 - Level 1.7 Throwing
 - Level 9.0 Armour
 - Level 0.7 Dodging
 + Level 7.6 Stealth
 - Level 5.2 Shields
 - Level 10.3 Invocations
 - Level 9.0 Evocations


You had 14 spell levels left.
You didn't know any spells.
Your spell library contained the following spells:

 Spells                   Type           Power        Failure   Level  Hunger
 Flame Tongue             Conj/Fire      #....        100%        1    ##.....
 Sandblast                Erth           #.....       100%        1    ##.....
 Passwall                 Tmut/Erth      #.......     100%        2    ###....
 Sublimation of Blood     Necr           #.........   100%        2    ###....
 Throw Flame              Conj/Fire      #.....       100%        2    ###....
 Conjure Flame            Conj/Fire      #.......     100%        3    ####...
 Ignite Poison            Fire/Tmut/Pois #.......     100%        3    ####...
 Inner Flame              Hex/Fire       #.......     100%        3    ####...
 Stone Arrow              Conj/Erth      #.....       100%        3    ####...
 Petrify                  Tmut/Erth      #.......     100%        4    #####..
 Sticky Flame             Conj/Fire      #.......     100%        4    #####..
 Alistair's Intoxication  Tmut/Pois      #.......     100%        5    ######.
 Bolt of Magma            Conj/Fire/Erth #.........   100%        5    ######.
 Fireball                 Conj/Fire      #.........   100%        5    ######.
 Irradiate                Conj/Tmut      #.........   100%        5    ######.
 Iskenderun's Battlesphe  Conj/Chrm      #.......     100%        5    ######.
 Lee's Rapid Deconstruct  Erth           #.........   100%        5    ######.
 Venom Bolt               Conj/Pois      #.........   100%        5    ######.
 Iron Shot                Conj/Erth      #.........   100%        6    #######
 Orb of Destruction       Conj           #.........   100%        7    #######
 Spellforged Servitor     Conj/Summ      #.........   100%        7    #######


Dungeon Overview and Level Annotations

Branches:
Dungeon (13/15) Temple (1/1) D:4 Lair (6/6) D:11 Swamp (0/4) Lair:3 Spider (0/4) Lair:4 Slime (0/5) Lair:5 Orc (2/2) D:9 Elf (0/3) Orc:2 Vaults (0/5) D:12 D:13

Altars:
Ashenzari
Cheibriados
Dithmenos
Elyvilon
Fedhas
Gozag
Hepliaklqana
Kikubaaqudgha
Makhleb
Nemelex Xobeh
Okawaru
Qazlal
Ru
Sif Muna
Trog
Uskayaw
Vehumet
Wu Jian
Xom
Yredelemnul
Zin
The Shining One
Beogh
Jiyva

Shops:
D:6 [   Orc:1 (   Orc:2 ([:!!

Annotations:
D:6 1 runed translucent door, Crazy Yiuf
Lair:5 exclusion: 4 oklob plants
Orc:1 2 transporters, HAL9000's ghost, journeyman VSAs


Innate Abilities, Weirdness & Mutations

You have razor-sharp teeth.
You heal very quickly.
When hurt, damage is shared between your health and your magic reserves.
Your bite disrupts and absorbs the magic of your enemies.
Potions cannot restore your health.
You are immune to rotting.


Message History

A raiju comes into view.
The thrashing horror tramples you but does no damage.
The thrashing horror tramples you.
* * * LOW HITPOINT WARNING * * *
You stumble backwards!
The raiju bursts into living lightning!
The living lightning misses you.
The raiju blinks!
Unknown command.
Unknown command.
As you read the scroll of teleportation, it crumbles to dust.
You feel strangely unstable.
You feel the power of the Abyss delaying your translocation!
The thrashing horror tramples you.
* * * LOW HITPOINT WARNING * * *
You hold your ground!
The thrashing horror tramples you but does no damage.
A spatial vortex comes into view.
The raiju bursts into living lightning!
The living lightning hits you!!
You die...

###.... #. # . .. #
##. #. ##.# .§ ##..
#.##. #.. #. #§..##
... #.# #. #..#.
###.#.. ... #.
...####..# ..#....
#.#h..vv.v###..#..#.
#.@v....##.#.#.#.$.
##.X.#..#...... .#.
#.#.v.##..#§X...##.
##..h...##.#.## #
#..#h.#..#.###..#
#......##....# #v ..
..####§#h.####v....#..
# #...#..# ...#.. #
#.#....#. #...###


You could see a spatial maelstrom, 4 spatial vortices, a thrashing horror and 4
raiju.

Vanquished Creatures
  An Executioner (Abyss:2)
  9 hydras
  2 two-headed ogres
  A merfolk avatar (Lair:6)
  An ogre mage (Orc:2)
  3 orc high priests
  A death yak (Lair:5)
  A wretched star (Abyss:2)
  A sea snake (Lair:6)
  An unseen horror (D:11)
  2 harpies
  An orc knight (D:11)
  12 orc sorcerers
  2 ugly things (D:12)
  A deep elf mage (D:12)
  An oklob plant (Lair:4)
  3 cyclopes
  A manticore (D:11)
  9 elephants
  Joseph (D:7)
  5 black mambas
  15 spiny frogs
  A torpor snail (Lair:6)
  7 komodo dragons
  An ice devil (Abyss:2)
  3 rime drakes
  An ancient zyme (Abyss:2)
  A queen bee (Lair:3)
  5 trolls
  7 polar bears
  5 hornets
  2 wind drakes (Lair:6)
  12 blink frogs
  3 slime creatures (D:12)
  A raiju (Abyss:2)
  8 hippogriffs
  A redback (Lair:4)
  An air elemental (Abyss:2)
  3 wyverns
  Sigmund (D:2)
  A shadow (D:11)
  A wraith (D:11)
  65 yaks
  2 basilisks
  A hungry ghost (D:12)
  A steam dragon (D:9)
  2 soldier ants (D:12)
  2 wargs (Orc:2)
  10 water moccasins
  10 porcupines
  22 orc warriors
  2 sky beasts (D:7)
  A hornet zombie (D:8)
  A necrophage (D:10)
  A black bear (D:10)
  An ice beast (D:11)
  14 ogres
  4 centaurs
  4 phantoms
  6 wolves (Lair:4)
  16 crocodiles
  4 gnoll sergeants (D:9)
  14 bullfrogs
  5 big kobolds
  3 scorpions
  A water moccasin zombie (D:10)
  24 killer bees (Lair:3)
  9 wights (D:11)
  A howler monkey (D:11)
  5 crimson imps
  2 centaur zombies
  A quasit (D:11)
  17 orc priests
  A centaur skeleton (D:10)
  A gnoll shaman (D:5)
  8 hounds
  3 jellies
  38 orc wizards
  Natasha (thrice) (D:2)
  8 worker ants
  A killer bee zombie (D:8)
  2 hound skeletons (D:5)
  A worker ant zombie (D:10)
  A howler monkey zombie (D:11)
  18 gnolls
  10 adders
  4 shadow imps
  An ooze (D:1)
  An adder zombie (D:8)
  3 worms
  A dart slug (D:1)
  5 leopard geckos
  78 orcs
  4 giant cockroaches
  11 goblins
  6 hobgoblins
  12 jackals
  4 quokkas
  6 bats
  7 frilled lizards
  13 kobolds
  A quokka skeleton (D:9)
  5 rats
  A plant (Lair:5)
648 creatures vanquished.

Vanquished Creatures (others)
  A small abomination (Abyss:2)
  An ufetubus (Abyss:2)
  A bush (Lair:6)
  8 fungi
  16 plants
27 creatures vanquished.

Grand Total: 675 creatures vanquished

Notes
Turn   | Place    | Note
-------+----------+-------------------------------------------
     0 | D:1      | HAL9000 the Vine Stalker Assassin began the quest for the
                  | Orb.
     0 | D:1      | Reached XP level 1. HP: 11/11 MP: 2/2
   179 | D:1      | Reached XP level 2. HP: 15/15 MP: 3/3
   776 | D:2      | Noticed Natasha
   777 | D:2      | Found a basalt altar of Yredelemnul.
   777 | D:2      | Found a stormy altar of Qazlal.
   792 | D:2      | Reached XP level 3. HP: 15/18 MP: 4/4
   797 | D:2      | Killed Natasha
   811 | D:2      | Gained mutation: Your natural rate of healing is unusually
                  | fast. [Vine Stalker growth]
   811 | D:2      | Reached XP level 4. HP: 6/23 MP: 1/5
   981 | D:2      | Noticed Sigmund
  1023 | D:2      | Killed Sigmund
  1023 | D:2      | Reached skill level 5 in Short Blades
  1023 | D:2      | Reached XP level 5. HP: 25/26 MP: 6/6
  1157 | D:2      | Found a hide-covered altar of Uskayaw.
  1237 | D:2      | Noticed Natasha
  1239 | D:2      | Found an ornate altar of the Wu Jian Council.
  1253 | D:2      | Killed Natasha
  1253 | D:2      | Reached XP level 6. HP: 26/30 MP: 4/7
  1326 | D:2      | Noticed Natasha
  1339 | D:2      | Killed Natasha
  1863 | D:2      | Got a steaming plate armour
  2038 | D:2      | Identified the +7 plate armour of the Cockatrice {Dex+4}
                  | (You found it on level 2 of the Dungeon)
  2703 | D:3      | Found a faded altar of an unknown god.
  2776 | D:2      | Became a worshipper of Uskayaw the Reveler
  3054 | D:4      | Reached * piety under Uskayaw
  3077 | D:4      | Reached ** piety under Uskayaw
  3080 | D:4      | Reached *** piety under Uskayaw
  3192 | D:4      | Reached XP level 7. HP: 34/34 MP: 8/8
  3205 | D:4      | Found an opulent altar of Gozag.
  3246 | D:4      | Found a staircase to the Ecumenical Temple.
  3626 | Temple   | Entered the Ecumenical Temple
  3695 | D:5      | Entered Level 5 of the Dungeon
  3722 | D:5      | Found a shadowy altar of Dithmenos.
  3769 | D:5      | Found a hazy altar of Hepliaklqana.
  3954 | D:5      | Found a glowing drain.
  3980 | Sewer    | Entered a sewer
  4196 | D:5      | Reached **** piety under Uskayaw
  4231 | D:5      | Gained mutation: You have razor-sharp teeth. [Vine Stalker
                  | growth]
  4231 | D:5      | Reached XP level 8. HP: 35/38 MP: 7/9
  4525 | D:5      | Reached ***** piety under Uskayaw
  4698 | D:6      | Found an ornate altar of the Wu Jian Council.
  5016 | D:6      | Found Qoax's Armour Boutique.
  5081 | D:6      | Found a runed translucent door.
  5082 | D:6      | Noticed Crazy Yiuf
  5188 | D:6      | Found a deep blue altar of Sif Muna.
  5563 | D:7      | Reached skill level 10 in Short Blades
  5569 | D:7      | Reached skill level 1 in Long Blades
  5569 | D:7      | Reached skill level 1 in Invocations
  5609 | D:7      | Reached skill level 2 in Long Blades
  5609 | D:7      | Reached XP level 9. HP: 33/42 MP: 8/10
  5632 | D:7      | Reached skill level 3 in Long Blades
  5682 | D:7      | Found a sparkling altar of Nemelex Xobeh.
  5790 | D:7      | Reached skill level 4 in Long Blades
  6008 | D:7      | Found a sacrificial altar of Ru.
  6009 | D:7      | Noticed Joseph
  6030 | D:7      | Killed Joseph
  6030 | D:7      | Reached skill level 5 in Long Blades
  6367 | D:7      | Reached skill level 6 in Long Blades
  6414 | D:8      | Found a shattered altar of Ashenzari.
  6419 | D:8      | Noticed a two-headed ogre
  6429 | D:8      | Killed a two-headed ogre
  6429 | D:8      | Reached skill level 8 in Long Blades
  6429 | D:8      | Reached XP level 10. HP: 46/46 MP: 9/11
  7201 | D:9      | Reached skill level 9 in Long Blades
  7284 | D:9      | Reached skill level 1 in Shields
  7484 | D:9      | Found a staircase to the Orcish Mines.
  7943 | D:9      | Paralysed by an orc for 4 turns
  8156 | D:9      | Reached skill level 5 in Shields
  8392 | D:9      | Reached XP level 11. HP: 50/50 MP: 12/12
  8554 | D:10     | Entered Level 10 of the Dungeon
  8597 | D:10     | Reached skill level 10 in Long Blades
  9149 | D:11     | Got a smoking plate armour
  9166 | D:10     | Identified the +4 plate armour of Liurr {rF+ MR+} (You
                  | found it on level 11 of the Dungeon)
  9389 | D:11     | Noticed an orc knight
  9604 | D:11     | Reached skill level 11 in Long Blades
  9621 | D:11     | Reached ****** piety under Uskayaw
  9724 | D:11     | Found a staircase to the Lair.
  9734 | D:11     | Noticed a seven-headed hydra
  9734 | D:11     | Noticed a manticore
  9755 | D:11     | Killed a seven-headed hydra
  9816 | D:11     | Killed a manticore
  9886 | D:11     | Killed an orc knight
 10106 | D:11     | Reached skill level 12 in Long Blades
 10257 | D:11     | Gained mutation: You heal very quickly. [Vine Stalker
                  | growth]
 10257 | D:11     | Reached XP level 12. HP: 54/54 MP: 16/16
 10417 | D:11     | Reached skill level 5 in Invocations
 10785 | Lair:1   | Entered Level 1 of the Lair of Beasts
 11586 | Lair:2   | Noticed a six-headed hydra
 11594 | Lair:2   | Killed a six-headed hydra
 11974 | Lair:3   | Noticed an eight-headed hydra
 12551 | Lair:3   | Found a staircase to the Swamp.
 12949 | Lair:3   | Killed an eight-headed hydra
 12949 | Lair:3   | Reached skill level 10 in Invocations
 13107 | Lair:3   | Reached skill level 1 in Armour
 13116 | Lair:3   | Reached XP level 13. HP: 40/58 MP: 18/21
 13811 | Lair:4   | Reached skill level 5 in Armour
 14259 | Lair:4   | Found a hole to the Spider Nest.
 14851 | Lair:5   | Found a staircase to the Slime Pits.
 14851 | Lair:5   | Found a viscous altar of Jiyva.
 15612 | Lair:6   | Entered Level 6 of the Lair of Beasts
 15749 | Lair:5   | Reached XP level 14. HP: 21/63 MP: 22/22
 15963 | Lair:6   | Paralysed by a hornet for 2 turns
 16241 | Lair:6   | Reached skill level 5 in Fighting
 16831 | Lair:6   | Reached skill level 1 in Evocations
 17951 | D:12     | Reached skill level 5 in Evocations
 18262 | Orc:1    | Entered Level 1 of the Orcish Mines
 18589 | Orc:1    | Noticed HAL9000's ghost (journeyman VSAs)
 18590 | Orc:1    | Found a transporter.
 18590 | Orc:1    | Identified the +3 great mace of Brutal Revenge {crush,
                  | *Slow MP+9 Stlth+}
 18662 | Orc:1    | Found a transporter.
 18749 | Orc:2    | Entered Level 2 of the Orcish Mines
 19017 | Orc:2    | Found a bloodstained altar of Trog.
 19100 | Orc:2    | Reached XP level 15. HP: 75/75 MP: 23/23
 19164 | Orc:2    | Found an ancient bone altar of Kikubaaqudgha.
 19253 | Orc:2    | Found a radiant altar of Vehumet.
 19268 | Orc:2    | Found Miovaorgh's Distillery.
 19304 | Orc:2    | Found Sadischa's Book Shop.
 19304 | Orc:2    | Found a roughly hewn altar of Beogh.
 19325 | Orc:2    | Found Gifaavel's Antique Armour Boutique.
 19405 | Orc:2    | Found Cuuxteb's Antique Weapon Boutique.
 19462 | Orc:2    | Bought a pair of shimmering boots for 351 gold pieces
 19472 | Orc:2    | Identified the +2 pair of boots "Neyge" {Regen+} (You
                  | bought it in a shop on level 2 of the Orcish Mines)
 19557 | Orc:2    | Found Daxkuery's Distillery.
 19565 | Orc:2    | Found a roughly hewn altar of Beogh.
 19656 | Orc:2    | Found a staircase to the Elven Halls.
 19894 | Orc:1    | Found a roughly hewn altar of Beogh.
 19944 | Orc:1    | Found Liclafot's Weapon Shop.
 20300 | D:12     | Reached skill level 5 in Stealth
 20523 | D:13     | Found a gate to the Vaults.
 20532 | D:12     | Cast into level 2 of the Abyss (tengu warrior)
 20542 | Abyss:2  | Noticed an Executioner
 20556 | Abyss:2  | Killed an Executioner
 20687 | Abyss:2  | Killed from afar by a raiju

Levels and vault maps discovered:
D:1:      dpeg_arrival_orchard, layout_loops_ring
D:2:      layout_basic, lemuel_doored_altar, old_standard_altar,
          chequers_temple_overflow_statue_of_worship, minmay_misc_feat_cross,
          mrwooster_statue_mirror, minivault_5, minmay_hedge_maze, uniq_natasha,
          uniq_sigmund
D:3:      layout_basic, chequers_ecumenical_altar_island, nrook_mini_vaults,
          wander_ebering_terrifying_dragon_lair
D:4:      layout_rooms, lemuel_crystal_altar,
          minmay_temple_entry_gardened_gates, first_ration
D:5:      layout_loops_cross, grunt_dithmenos_smoke, kennysheep_mini,
          portal_sewer_entry_f, minmay_pentangle
D:6:      layout_basic, basic_altar, serial_shops, shop_statue, tgw_sif,
          uniq_crazy_yiuf_cottage
D:7:      layout_basic, nicolae_overflow_crystal_walls, nemelex_altar_shiori,
          uniq_joseph
D:8:      layout_rooms, ashenzari_altar_1
D:9:      layout_basic, kennysheep_orc_monster_closet_entryway
D:10:     layout_basic
D:11:     layout_roguey, david_lair_generic
D:12:     layout_gridville, hangedman_pestilent_swarm
D:13:     layout_basic, david_vaults_3, gammafunk_ghost_hydra_chop,
          portal_ice_cave_entry_ice_beasts, basic_altar, serial_shops, shop,
          uniq_sonja
Temple:   nicolae_temple_x_marks_the_god
Lair:1:   layout_hall_layers, st_stairs_12
Lair:2:   layout_big_grid, infiniplex_staircase_pool
Lair:3:   layout_cave_pods, swamp_mist_pool, special_room [special_room_bee],
          infiniplex_staircase_pool_2
Lair:4:   layout_regular_city, spider_nest_entry_a, beast_lair_carwin_10,
          lemuel_fruit_tree
Lair:5:   layout_small_grid, slime_altar_1, minmay_lair_oklob_chamber
Lair:6:   gammafunk_lair_ancient_temple, layout_big_grid
Orc:1:    layout_caves, basic_altar, serial_shops, shop, gammafunk_ghost_smash
Orc:2:    kennysheep_orc_mage_school, layout_diamond_mine, serial_shops, shop,
          basic_altar, bloody_trog
Abyss:2:  eino_small_chamber_without_monster, serial_sigils_hangedman_snap

Skill      XL: |  1  2  3  4  5  6  7  8  9 10 11 12 13 14 15 |
---------------+----------------------------------------------+-----
Short Blades   | 2 3 5 6 8 10 | 10.0
Long Blades    | 2 8 9 12 | 12.7
Invocations    | 1 4 10 | 10.3
Shields        | 5 |  5.2
Armour         | 1 9 |  9.0
Fighting       | 2 7 |  7.1
Evocations     | 7 9 |  9.0
Stealth        | 7 |  7.6
Throwing       | |  1.7
Dodging        | |  0.7

Action                   |  1- 3 |  4- 6 |  7- 9 | 10-12 | 13-15 || total
-------------------------+-------+-------+-------+-------+-------++-------
Melee: Dagger            |    59 |   174 |   396 |    58 |    96 ||   783
       Bite              |    12 |    62 |   170 |   293 |   507 ||  1044
       Falchion          |       |       |    29 |   678 |   564 ||  1271
       Rapier            |       |       |       |       |   476 ||   476
Throw: Dart              |     4 |     3 |    11 |     1 |    16 ||    35
Invok: Grand Finale      |       |       |       |     1 |       ||     1
Evoke: Wand              |       |       |       |     6 |     4 ||    10
  Use: Scroll            |       |     1 |    10 |    10 |    14 ||    35
       Potion            |       |       |       |     1 |     1 ||     2
 Stab: Sleeping          |     2 |     5 |       |       |       ||     7
       Paralysed         |       |     1 |    21 |    60 |    81 ||   163
  Eat: Chunk             |       |     7 |     7 |    19 |    23 ||    56
       Ration            |       |       |     1 |     1 |     1 ||     3
Armor: Robe              |    16 |    10 |       |       |       ||    26
       Plate armour      |       |    60 |   187 |   395 |   580 ||  1222
Dodge: Dodged            |    22 |    42 |    56 |   111 |   361 ||   592
       Deflected         |       |       |       |     2 |    10 ||    12
Block: Buckler           |       |       |       |   131 |   245 ||   376
       Rpst.: Falchion   |       |       |     2 |    32 |    39 ||    73

Table legend:
 A = Non-vault XP
 B = Vault XP
 C = Vault XP percentage of total XP
 D = Non-vault monster count
 E = Vault monster count
 F = Vault count percentage of total count
                 A         B        C        D         E       F
            +---------+---------+-------+---------+---------+-------
      Total |   71990 |   28510 |  28.4 |     496 |     152 |  23.5
            +---------+---------+-------+---------+---------+-------
        D:1 |      26 |       0 |   0.0 |      12 |       0 |   0.0
        D:2 |     124 |     247 |  66.6 |      22 |       2 |   8.3
        D:3 |      79 |       1 |   1.2 |      20 |       1 |   4.8
        D:4 |     310 |       0 |   0.0 |      11 |       0 |   0.0
        D:5 |     421 |     196 |  31.8 |      12 |      11 |  47.8
        D:6 |     508 |      40 |   7.3 |      15 |       1 |   6.2
        D:7 |    1283 |     450 |  26.0 |      36 |       1 |   2.7
        D:8 |    1868 |       0 |   0.0 |      27 |       0 |   0.0
        D:9 |    1752 |    1809 |  50.8 |      24 |      20 |  45.5
       D:10 |    1820 |       0 |   0.0 |      30 |       0 |   0.0
       D:11 |    8767 |     963 |   9.9 |      58 |       4 |   6.5
       D:12 |    6594 |    1487 |  18.4 |      30 |       5 |  14.3
     Lair:1 |    2559 |       0 |   0.0 |      13 |       0 |   0.0
     Lair:2 |    2843 |       0 |   0.0 |      10 |       0 |   0.0
     Lair:3 |    5226 |    1801 |  25.6 |      22 |      25 |  53.2
     Lair:4 |    4442 |    4047 |  47.7 |      17 |      11 |  39.3
     Lair:5 |   13341 |    2083 |  13.5 |      43 |       8 |  15.7
     Lair:6 |    7946 |    8526 |  51.8 |      23 |      23 |  50.0
      Orc:1 |    3572 |       0 |   0.0 |      34 |       0 |   0.0
      Orc:2 |    4300 |    6745 |  61.1 |      29 |      34 |  54.0
    Abyss:2 |    4209 |       0 |   0.0 |       8 |       0 |   0.0
      Sewer |       0 |     115 | 100.0 |       0 |       6 | 100.0
            +---------+---------+-------+---------+---------+-------
